 Dungeon Crawl Stone Soup version 0.29-a0-360-g8ed1089bbe (webtiles) character file.

Game seed: 17650734760637021427

44943 HendSelp the Bludgeoner (level 14, -9/163 HPs)
             Began as an Ogre Berserker on Apr 28, 2022.
             Was a High Priest of Trog.
             Mangled by Rupert
             ... wielding a +4 great mace of protection
              (33 damage)
             ... on level 5 of the Lair of Beasts.
             The game lasted 00:26:13 (25657 turns).

HendSelp the Bludgeoner (Ogre Berserker)           Turns: 25657, Time: 00:26:13

Health: -9/163     AC:  6    Str: 28    XL:     14   Next: 30%
Magic:  14/14      EV: 10    Int:  8    God:    Trog [*****.]
Gold:   1887       SH:  0    Dex:  8    Spells: 13/13 levels left

rFire   + . .      SeeInvis .   u - +0 giant spiked club (venom)
rCold   . . .      Faith    .   (shield currently unavailable)
rNeg    . . .      Spirit   .   d - +3 robe of Clouds {*Thunder rCloud rElec}
rPois   .          Reflect  .   (helmet restricted)
rElec   +          Harm     .   j - scarf {repulsion}
rCorr   +          Rampage  .   (gloves unavailable)
Will    +....                   (boots unavailable)
Stlth   +.........              (no amulet)
HPRegen 0.37/turn               c - ring of protection from fire
MPRegen 0.14/turn               E - ring of resist corrosion

@: mighty, on berserk cooldown, slowed, repel missiles, very slow
A: large, unfitting armour, tough skin 1
a: Renounce Religion, Berserk, Trog's Hand, Brothers in Arms


You were on level 5 of the Lair of Beasts.
You worshipped Trog.
Trog was extremely pleased with you.
You visited 3 branches of the dungeon, and saw 18 of its levels.
You also visited: Ossuary.

You collected 1887 gold pieces.

Inventory:

Hand Weapons
 u - a +0 giant spiked club of venom (weapon)
 y - a +3 giant club
Missiles
 m - 10 large rocks
Armour
 d - the +3 robe of Clouds (worn) {*Thunder rCloud rElec}
   (You acquired it on level 1 of the Dungeon)

   It occasionally creates storm clouds above nearby enemies.
   It grants its wearer immunity to clouds.
   rElec:     It insulates you from electricity.
 j - a scarf of repulsion (worn)
 s - the +2 robe "Kiezaod" {Contam Str+7 Dex+3 Stlth+}
   (You found it on level 5 of the Dungeon)

   Str:       It affects your strength (+7).
   Dex:       It affects your dexterity (+3).
   Contam:    It causes magical contamination when unequipped.
   Stlth:     It makes you more stealthy.
Jewellery
 c - a ring of protection from fire (left hand)
 A - a ring of flight
 C - a ring of magical power
 E - a ring of resist corrosion (right hand)
Wands
 i - a wand of paralysis (8)
 q - a wand of charming (18)
 v - a wand of acid (4)
 x - a wand of flame (8)
 F - a wand of polymorph (4)
Scrolls
 g - a scroll of magic mapping
 n - 4 scrolls of immolation
 o - 9 scrolls of teleportation
 t - a scroll of fear
 w - 3 scrolls of fog
 z - a scroll of enchant weapon
 B - 6 scrolls of identify
 D - a scroll of enchant armour
 G - a scroll of brand weapon
Potions
 a - 3 potions of curing
 b - 5 potions of flight
 e - 4 potions of attraction
 f - 4 potions of mutation
 h - 2 potions of ambrosia
 k - a potion of magic
 l - a potion of might
 p - 3 potions of resistance
 r - a potion of cancellation


   Skills:
 + Level 16.4 Fighting
 * Level 19.2 Maces & Flails
 - Level 2.6 Dodging


You had 13 spell levels left.
You didn't know any spells.
Your spell library was empty.

Dungeon Overview and Level Annotations

Branches:
Dungeon (12/15)            Temple (1/1) D:7            Lair (5/6) D:10
 Shoals (0/4) Lair:4        Snake (0/4) Lair:4        Slime (0/5) Lair:5
    Orc (0/2) D:9         Ossuary (visited)

Altars:
Ashenzari
Cheibriados
Dithmenos
Elyvilon
Fedhas
Gozag
Hepliaklqana
Kikubaaqudgha
Makhleb
Nemelex Xobeh
Okawaru
Qazlal
Ru
Sif Muna
Trog
Uskayaw
Vehumet
Wu Jian
Xom
Yredelemnul
Zin
The Shining One

Annotations:
D:7 1 runed translucent door, zeratav's ghost, novice OpFE
D:11 3 runed translucent doors, spaghetti's ghost, journeyman BaSu
Lair:3 1 transporter
Lair:5 Rupert


Innate Abilities, Weirdness & Mutations

You are too large for most types of armour.
You have tough skin. (AC +1)


Message History

Rupert roars wildly at you. You resist with significant effort.
Unknown command.
Unknown command.
Unknown command.
You feel a strong urge to attack something.
Rupert roars madly and goes into a rage!
Rupert goes berserk!
Unknown command.
You bludgeon Rupert!!
Rupert is heavily wounded.
You are no longer berserk.
You are exhausted.
You feel yourself slow down.
Rupert hits you with a +4 great mace of protection!
Unknown command.
You feel less confused.
Rupert hits you with a +4 great mace of protection!!
Rupert hits you with a +4 great mace of protection!
Unknown command.
You stick Rupert like a pincushion!!!
Rupert looks as sick as possible!
Rupert is almost dead.
Rupert hits you with a +4 great mace of protection!!!
* * * LOW HITPOINT WARNING * * *
Rupert misses you.
Unknown command.
Unknown command.
Unknown command.
Unknown command.
Unknown command.
Unknown command.
Aiming: Paralyse
Press: ? - help, Shift-Dir - straight line, f - Rupert
Aim: Rupert, wielding a +4 great mace of protection and wearing a +3 leather armour of fire resistance (almost dead, berserk, extremely poisoned, chance to affect: 1%)
Okay, then.
Unknown command.
You bludgeon Rupert!!
Rupert looks as sick as possible!
Rupert is almost dead.
Rupert hits you with a +4 great mace of protection!!
You die...

#...............
#.#.............
#..#...............
##.................
...................
...................
#.................
#.....@@..........
##...#............
#....##..........
#....#.#..........
#..... #...........
#.... #........)..
..... ###.........
.... ##PP†........
.... #............


You could see Rupert (berserk, extremely poisoned).

Vanquished Creatures
  2 hydras
  11 two-headed ogres
  7 death yaks
  Urug (D:10)
  Sonja (Lair:3)
  Lodul (D:10)
  An orc knight (D:10)
  An oklob plant (Lair:2)
  An ugly thing (D:9)
  A manticore (D:12)
  A cyclops (D:11)
  9 elephants (Lair:4)
  3 black mambas
  2 gargoyles
  7 cane toads
  An unseen horror (D:11)
  A torpor snail (Lair:3)
  7 komodo dragons
  3 rime drakes
  2 polar bears
  2 trolls
  10 blink frogs
  Prince Ribbit (D:8)
  A hornet (D:9)
  7 dream sheep (Lair:4)
  5 wraiths
  3 wyverns
  2 shadows (D:12)
  33 yaks
  3 basilisks
  2 steam dragons
  A fire elemental (Lair:1)
  18 water moccasins
  3 acid dragons
  5 orc warriors
  An ice beast (D:6)
  2 sky beasts
  2 black bears
  4 ogres
  11 wolves
  6 centaurs
  A phantom (D:4)
  An elf zombie (Ossuary)
  A kobold brigand (D:9)
  A necrophage (D:7)
  A gnoll sergeant (D:8)
  2 scorpions
  12 bullfrogs
  10 wights
  12 killer bees
  5 howler monkeys
  2 electric eels (Lair:2)
  4 hounds
  A centaur zombie (Ossuary)
  3 jellies
  3 human zombies (Ossuary)
  4 orc priests
  A gnoll shaman (D:9)
  7 iguanas
  13 orc wizards
  2 mummies (Ossuary)
  8 gnolls
  7 adders
  A shadow imp (D:8)
  A white imp (D:6)
  2 ufetubi
  An adder zombie (Ossuary)
  3 worms
  4 dart slugs
  28 orcs
  6 bats
  10 endoplasms
  8 hobgoblins
  8 jackals
  14 kobolds
  5 quokkas
  8 ball pythons
  6 frilled lizards
  7 goblins
  2 goblin zombies (Ossuary)
  8 hobgoblin zombies (Ossuary)
  2 jackal zombies (Ossuary)
  6 kobold zombies (Ossuary)
  11 orc zombies (Ossuary)
  5 rats
  A rat zombie (Ossuary)
  3 briar patches (Lair:3)
436 creatures vanquished.

Vanquished Creatures (others)
  A briar patch (Lair:3)
  27 fungi
  41 plants
69 creatures vanquished.

Grand Total: 505 creatures vanquished

Notes
Turn   | Place    | Note
-------+----------+-------------------------------------------
     0 | D:1      | HendSelp the Ogre Berserker began the quest for the Orb.
     0 | D:1      | Reached XP level 1. HP: 24/24 MP: 1/1
    12 | D:1      | Noticed a bullfrog
    53 | D:1      | Reached skill level 10 in Fighting
    53 | D:1      | Reached XP level 2. HP: 46/46 MP: 2/2
   380 | D:1      | Reached XP level 3. HP: 54/54 MP: 3/3
   528 | D:1      | Reached ** piety under Trog
   880 | D:1      | Identified a scroll of acquirement
   880 | D:1      | Acquired the +3 robe of Clouds {*Thunder rCloud rElec}
   880 | D:1      | Found the +3 robe of Clouds {*Thunder rCloud rElec}
  1074 | D:2      | Reached skill level 3 in Maces & Flails
  1379 | D:2      | Reached XP level 4. HP: 62/62 MP: 4/4
  2243 | D:3      | Reached XP level 5. HP: 53/70 MP: 5/5
  2346 | D:3      | Found a faded altar of an unknown god.
  2401 | D:3      | Reached *** piety under Trog
  3110 | D:4      | Noticed a phantom
  3119 | D:4      | Killed a phantom
  3120 | D:4      | Reached skill level 4 in Maces & Flails
  3120 | D:4      | Reached XP level 6. HP: 76/79 MP: 6/6
  3621 | D:4      | You fall into a shaft and drop 1 floor!
  3621 | D:5      | Entered Level 5 of the Dungeon
  3825 | D:5      | Reached skill level 5 in Maces & Flails
  3909 | D:5      | Identified the +2 robe "Kiezaod" {Contam Str+7 Dex+3
                  | Stlth+}
  4039 | D:5      | Reached XP level 7. HP: 87/87 MP: 7/7
  4265 | D:5      | Found a sacrificial altar of Ru.
  4355 | D:6      | Reached **** piety under Trog
  4356 | D:6      | Reached skill level 6 in Maces & Flails
  4394 | D:6      | Reached XP level 8. HP: 42/97 MP: 8/8
  4435 | D:6      | Reached skill level 7 in Maces & Flails
  4463 | D:6      | Found a sand-covered staircase.
  4473 | Ossuary  | Entered an ossuary
  4876 | Ossuary  | Reached skill level 8 in Maces & Flails
  5307 | D:6      | Reached ***** piety under Trog
  5477 | D:6      | Reached XP level 9. HP: 105/105 MP: 9/9
  6096 | D:7      | Noticed zeratav's ghost (novice OpFE)
  6099 | D:7      | Found a runed translucent door.
  6335 | D:7      | Found a staircase to the Ecumenical Temple.
  6339 | D:7      | Reached skill level 9 in Maces & Flails
  7273 | Temple   | Entered the Ecumenical Temple
  7888 | D:8      | Noticed a two-headed ogre
  7894 | D:8      | Reached skill level 10 in Maces & Flails
  7900 | D:8      | Killed a two-headed ogre
  7901 | D:8      | Reached XP level 10. HP: 115/115 MP: 10/10
  8303 | D:8      | Noticed Prince Ribbit
  8330 | D:8      | Killed Prince Ribbit
  8331 | D:8      | Reached skill level 11 in Maces & Flails
  8740 | D:8      | Noticed a two-headed ogre
  8749 | D:8      | Killed a two-headed ogre
  8759 | D:8      | Noticed a skeletal warrior
  9193 | D:9      | Noticed a two-headed ogre
  9202 | D:9      | Killed a two-headed ogre
  9203 | D:9      | Reached skill level 12 in Maces & Flails
  9564 | D:9      | Found a staircase to the Orcish Mines.
 10334 | D:9      | Noticed a white ugly thing
 10866 | D:9      | Killed a white ugly thing
 10867 | D:9      | Reached XP level 11. HP: 127/127 MP: 11/11
 11034 | D:9      | Reached skill level 13 in Maces & Flails
 11038 | D:9      | Paralysed by a hornet for 3 turns
 11545 | D:9      | Noticed a two-headed ogre
 11552 | D:9      | Killed a two-headed ogre
 11957 | D:10     | Entered Level 10 of the Dungeon
 13152 | D:10     | Noticed a two-headed ogre
 13152 | D:10     | Noticed a two-headed ogre
 13152 | D:10     | Noticed a two-headed ogre
 13153 | D:10     | Noticed a two-headed ogre
 13153 | D:10     | Noticed a two-headed ogre
 13154 | D:10     | Noticed a two-headed ogre
 13155 | D:10     | Noticed a two-headed ogre
 13159 | D:10     | Killed a two-headed ogre
 13160 | D:10     | Reached skill level 14 in Maces & Flails
 13160 | D:10     | Killed a two-headed ogre
 13161 | D:10     | Killed a two-headed ogre
 13169 | D:10     | Killed a two-headed ogre
 13169 | D:10     | Killed a two-headed ogre
 13169 | D:10     | Killed a two-headed ogre
 13170 | D:10     | Reached XP level 12. HP: 123/137 MP: 12/12
 13199 | D:10     | Killed a two-headed ogre
 13200 | D:10     | Reached skill level 15 in Maces & Flails
 13373 | D:10     | Found a staircase to the Lair.
 13387 | D:10     | Noticed Lodul
 13395 | D:10     | Killed Lodul
 13471 | D:10     | Noticed Urug
 13482 | D:10     | Killed Urug
 13948 | D:11     | Noticed a six-headed hydra
 13957 | D:11     | Killed a six-headed hydra
 15080 | D:11     | Found a glowing golden altar of the Shining One.
 15133 | D:11     | Reached skill level 16 in Maces & Flails
 15567 | D:11     | Found a runed translucent gate.
 15568 | D:11     | Found a runed translucent gate.
 15568 | D:11     | Found a runed translucent gate.
 15568 | D:11     | Noticed spaghetti's ghost (journeyman BaSu)
 16150 | Lair:1   | Entered Level 1 of the Lair of Beasts
 16899 | Lair:1   | Reached XP level 13. HP: 61/148 MP: 13/13
 17348 | Lair:1   | HP: 7/148 [poisoned by a black mamba]
 17797 | Lair:1   | Reached skill level 15 in Fighting
 17797 | Lair:1   | Reached skill level 17 in Maces & Flails
 19877 | Lair:3   | Noticed Sonja
 19882 | Lair:3   | Killed Sonja
 20137 | Lair:3   | Found a transporter.
 20164 | Lair:3   | Found a transporter.
 21297 | Lair:3   | Acquired 442 gold pieces
 21576 | Lair:4   | Found a staircase to the Shoals.
 22048 | Lair:4   | Reached skill level 18 in Maces & Flails
 23519 | Lair:4   | Found a staircase to the Snake Pit.
 24142 | Lair:4   | Reached XP level 14. HP: 23/162 MP: 14/14
 24146 | Lair:4   | HP: 7/162 [poisoned by a water moccasin]
 24984 | Lair:5   | Reached skill level 19 in Maces & Flails
 25338 | Lair:5   | Found a staircase to the Slime Pits.
 25635 | Lair:5   | Noticed Rupert
 25657 | Lair:5   | Mangled by Rupert

Illustrated notes

Levels and vault maps discovered:
D:1:      evilmike_arrival_come_back, layout_loops_corners
D:2:      layout_loops_ring
D:3:      layout_basic, hellmonk_ecumenical_altar_blasted,
          chequers_serial_rivers_small_b, chequers_serial_rivers_small_a,
          minmay_quantized
D:4:      layout_loops_ring, minivault_11
D:5:      layout_loops_ring, nicolae_ru_path_of_blood
D:6:      layout_loops_ring, nicolae_ossuary_entry_monument,
          serial_bayou_pond_e, minivault_10
D:7:      layout_basic, minmay_temple_entry_waves,
          hellmonk_ghost_happy_afterlife
D:8:      layout_layer_cave, minmay_guarded_unrand_finisher, uniq_prince_ribbit1
D:9:      layout_irregular_city, erik_orc_3, hangedman_minor_gate_pass
D:10:     layout_loops_ring, lair_entry_dummy, uniq_lodul, uniq_urug
D:11:     layout_loops_ring, ebering_ghost_rock_garden,
          minmay_misc_feat_diagonals, tso_altar
D:12:     layout_basic
Temple:   mainiacjoe_temple_starburst
Lair:1:   layout_gridlike, grunt_megastairs_2
Lair:2:   layout_roguey, infiniplex_staircase_pool, grunt_megastairs_1
Lair:3:   gammafunk_worm_tunnel, layout_cellular_growth, serial_forest,
          infiniplex_forest_clump_small, infiniplex_forest_clump_medium,
          infiniplex_forest_clump_long, infiniplex_forest_diagonal,
          infiniplex_forest_zigzag_1, infiniplex_forest_straight_3,
          infiniplex_forest_lined_corner, infiniplex_forest_lined_2,
          infiniplex_forest_clump_tiny, uniq_sonja
Lair:4:   layout_cave_pods, elwin_shoals_entry_rocks,
          minmay_snake_entry_six_corridors
Lair:5:   layout_layer_cave, dpeg_slime_entry_corner, uniq_rupert

Skill      XL: |  1  2  3  4  5  6  7  8  9 10 11 12 13 14 |
---------------+-------------------------------------------+-----
Fighting       | 10 11 12 13 14 16 | 16.4
Maces & Flails | 3 4 5 6 8 10 12 14 16 18 19 | 19.2
Dodging        | |  2.6

Action                   |  1- 3 |  4- 6 |  7- 9 | 10-12 | 13-15 || total
-------------------------+-------+-------+-------+-------+-------++-------
Melee: Mace              |    55 |    72 |       |       |       ||   127
       Punch             |     1 |       |     3 |       |       ||     4
       Flail             |       |    59 |   156 |       |       ||   215
       Giant club        |       |       |    54 |   286 |   197 ||   537
       Giant spiked club |       |       |       |    23 |   174 ||   197
Throw: Throwing net      |       |       |     1 |       |       ||     1
Invok: Berserk           |       |       |     5 |    18 |    13 ||    36
Evoke: Wand              |       |       |       |     5 |     1 ||     6
  Use: Scroll            |     8 |     7 |    10 |    12 |     5 ||    42
       Potion            |     1 |       |     5 |     7 |    10 ||    23
 Stab: Sleeping          |       |     2 |       |       |       ||     2
       Invisible         |       |       |     1 |     1 |       ||     2
Armor: Animal skin       |    15 |       |       |       |       ||    15
       Robe              |     4 |    58 |   101 |    82 |    81 ||   326
Dodge: Dodged            |    25 |    76 |   135 |   176 |   158 ||   570
       Repelled          |       |       |       |     5 |     8 ||    13

Table legend: (Time is in decaauts)
 A = Elapsed time spent in this place.
 B = Non-inter-level travel time spent in this place.
 C = Inter-level travel time spent in this place.
 D = Time resting spent in this place.
 E = Time spent auto-exploring this place.
 F = Levels seen in this place.
 G = Mean time per level.
                   A        B        C        D        E       F      G
               +--------+--------+--------+--------+--------+-----+--------+
         Total |  25947 |  24541 |   1406 |   5852 |  16046 |  19 | 1365.6 |
       Dungeon |  15371 |  14254 |   1117 |   3459 |   9061 |  12 | 1280.9 |
        Temple |    600 |    552 |     48 |      0 |    546 |   1 |  600.0 |
          Lair |   9368 |   9127 |    241 |   2296 |   6064 |   5 | 1873.6 |
       Ossuary |    606 |    606 |      0 |     96 |    375 |   1 |  606.0 |
               +--------+--------+--------+--------+--------+-----+--------+

Top non-repeatable levels by time:
  Lair:3: 2688 daAuts
  Lair:4: 2675 daAuts
     D:9: 2392 daAuts
    D:10: 2381 daAuts
  Lair:1: 2202 daAuts
     D:8: 1721 daAuts
     D:7: 1650 daAuts
    D:11: 1643 daAuts
  Lair:2: 1368 daAuts
     D:1: 1076 daAuts
     D:6: 1028 daAuts
     D:3: 973 daAuts
     D:2: 949 daAuts
     D:4: 714 daAuts
     D:5: 711 daAuts
